 Dungeon Crawl Stone Soup version 0.25-a0-435-g4b9beb1 (webtiles) character file.

Game seed: 12954942501252646066, levelgen mode: deterministic

79 2tousent the Chopper (level 4, -14/39 HPs)
             Began as a Hill Orc Monk on Jan 27, 2020.
             Demolished by an orc warrior
             ... wielding a +0 war axe
              (18 damage)
             ... on level 6 of the Dungeon.
             The game lasted 00:04:09 (1982 turns).

2tousent the Chopper (Hill Orc Monk)                Turns: 1982, Time: 00:04:10

Health: -14/39     AC:  6    Str: 19    XL:     4   Next: 38%
Magic:  4/4        EV: 10    Int: 10    God:
Gold:   102        SH:  0    Dex: 13    Spells: 3/3 levels left

rFire    . . .     SeeInvis .   a - +0 hand axe
rCold    . . .     Gourm    .   (no shield)
rNeg     . . .     Faith    .   i - +0 scale mail
rPois    .         Spirit   .   (no helmet)
rElec    .         Reflect  .   (no cloak)
rCorr    .         Harm     .   (no gloves)
MR       .....                  (no boots)
Stlth    ..........             (no amulet)
HPRegen  0.13/turn              (no ring)
MPRegen  0.09/turn              (no ring)

@: mighty
A: no striking features
a: no special abilities


You were on level 6 of the Dungeon.
You were not hungry.

You visited 1 branch of the dungeon, and saw 4 of its levels.

You collected 102 gold pieces.

Inventory:

Hand Weapons
 a - a +0 hand axe (weapon)
Armour
 b - a +0 robe
 i - a +0 scale mail (worn)
Jewellery
 m - an uncursed ring of protection from cold
Scrolls
 f - a scroll of identify
 g - 2 scrolls of remove curse
 h - a scroll of immolation {unknown}
Potions
 e - a potion of flight
 k - a potion of agility
 l - a potion of mutation
 n - a potion of curing
Comestibles
 c - 7 rations
 d - 3 chunks of flesh


   Skills:
 - Level 3.6 Fighting
 * Level 6.7 Axes
 - Level 2.4 Dodging
 - Level 1.5 Stealth


You had 3 spell levels left.
You didn't know any spells.
Your spell library was empty.

Dungeon Overview and Level Annotations

Branches:
Dungeon (3/15)

Altars:
Sif Muna
The Shining One

Annotations:
D:6 Sigmund


Message History

You barely miss the leopard gecko. The leopard gecko bites you.
An orc comes into view. It is wielding a +0 club.
You bump into the stone wall.
The leopard gecko bites you. Sigmund barely misses you.
You bump into the stone wall.
The leopard gecko bites you but does no damage.
The leopard gecko closely misses you.
Sigmund hits you from afar with a +0 scythe!
* * * LOW HITPOINT WARNING * * *
You bump into the stone wall.
You feel less confused. The leopard gecko barely misses you.
You closely miss the leopard gecko. Sigmund hits you but does no damage.
The leopard gecko bites you.
* * * LOW HITPOINT WARNING * * *
You miss the leopard gecko. You hit the orc warrior.
The leopard gecko bites you.
* * * LOW HITPOINT WARNING * * *
The orc warrior hits you with a +0 war axe!!
You die...

######
#l@o.##
#o###@.#
# ##.#
.# [# ##


You could see Sigmund, an orc warrior, an orc and a leopard gecko.

Vanquished Creatures
  4 adders
  A dart slug (D:2)
  An orc (D:3)
  A ball python (D:2)
  2 giant cockroaches
  3 goblins
  7 hobgoblins
  7 jackals (D:2)
  A kobold (D:2)
  A quokka (D:2)
  4 bats
  3 frilled lizards
  2 rats (D:1)
37 creatures vanquished.

Notes
Turn   | Place    | Note
-------+----------+-------------------------------------------
     0 | D:1      | 2tousent the Hill Orc Monk began the quest for the Orb.
     0 | D:1      | Reached XP level 1. HP: 19/19 MP: 1/1
   486 | D:1      | You fall into a shaft and drop 1 floor!
   569 | D:2      | Reached XP level 2. HP: 15/26 MP: 2/2
   770 | D:2      | Reached skill level 5 in Axes
  1178 | D:2      | Reached XP level 3. HP: 31/31 MP: 3/3
  1182 | D:2      | Found a shimmering blue altar of Sif Muna.
  1252 | D:2      | Reached skill level 6 in Axes
  1663 | D:2      | Reached XP level 4. HP: 33/39 MP: 4/4
  1899 | D:3      | Found a glowing golden altar of the Shining One.
  1973 | D:3      | You fall into a shaft and drop 3 floors!
  1973 | D:6      | Noticed an orc warrior
  1973 | D:6      | Noticed Sigmund
  1982 | D:6      | Demolished by an orc warrior

Levels and vault maps discovered:
D:1:      wander_arrival_desolate, layout_basic
D:2:      layout_loops_corners, lemuel_round_altar, first_ration,
          minmay_quantized
D:3:      layout_rooms, eat_drink_and_be_merry_uskayaw, marbit_many_paths,
          gammafunk_ghost_grave, minmay_quadrilaterals
D:6:      layout_basic, minmay_misc_feat_pillars, minmay_misc_feat_roman,
          minmay_hollow_rounded_squares, uniq_sigmund, uniq_eustachio,
          uniq_menkaure

Skill      XL: |  1  2  3 |
---------------+----------+-----
Axes           | 5 6 |  6.7
Fighting       | |  3.6
Dodging        | |  2.4
Stealth        | |  1.5

Action                   |  1- 3 |  4- 6 || total
-------------------------+-------+-------++-------
Melee: Hand axe          |   106 |    31 ||   137
  Use: Scroll            |    10 |       ||    10
       Potion            |       |     1 ||     1
 Stab: Sleeping          |     1 |       ||     1
  Eat: Chunk             |     2 |     1 ||     3
Armor: Scale mail        |    51 |    18 ||    69
       Robe              |     4 |       ||     4
Dodge: Dodged            |    75 |    13 ||    88

Table legend:
 A = Non-vault XP
 B = Vault XP
 C = Vault XP percentage of total XP
 D = Non-vault monster count
 E = Vault monster count
 F = Vault count percentage of total count
                 A         B        C        D         E       F
            +---------+---------+-------+---------+---------+-------
      Total |      94 |      20 |  17.5 |      32 |       5 |  13.5
            +---------+---------+-------+---------+---------+-------
        D:1 |       5 |       0 |   0.0 |       4 |       0 |   0.0
        D:2 |      79 |       7 |   8.1 |      23 |       4 |  14.8
        D:3 |      10 |      13 |  56.5 |       5 |       1 |  16.7
            +---------+---------+-------+---------+---------+-------
